 Dungeon Crawl Stone Soup version 0.27-a0-1193-g8631133539 (webtiles) character file.

Game seed: 9771486473303730094

75 bande the Covered (level 4, -2/29 HPs)
             Began as a Gargoyle Fighter on May 27, 2021.
             Slain by a gnoll
             ... wielding a +0 halberd
              (8 damage)
             ... on level 3 of the Dungeon.
             The game lasted 00:04:07 (2083 turns).

bande the Covered (Gargoyle Fighter)                Turns: 2083, Time: 00:04:07

Health: -2/29      AC: 13    Str: 20    XL:     4   Next: 31%
Magic:  4/4        EV:  5    Int:  8    God:
Gold:   145        SH:  9    Dex: 10    Spells: 3/3 levels left

rFire    . . .     SeeInvis .   a - +0 war axe
rCold    . . .     Faith    .   c - +0 kite shield
rNeg     + . .     Spirit   .   i - +0 chain mail
rPois    ∞         Reflect  .   (no helmet)
rElec    +         Harm     .   (no cloak)
rCorr    .         Rampage  .   (no gloves)
Will     .....                  (no boots)
Stlth    ..........             (no amulet)
HPRegen  0.09/turn              (no ring)
MPRegen  0.09/turn              (no ring)

@: mighty
A: sickness immunity, AC +3, negative energy resistance 1, electricity
resistance, torment resistance 1, petrification resistance
a: no special abilities


You were on level 3 of the Dungeon.
You visited 1 branch of the dungeon, and saw 3 of its levels.

You collected 145 gold pieces.

Inventory:

Hand Weapons
 a - a +0 war axe (weapon)
Armour
 c - a +0 kite shield (worn)
 i - a +0 chain mail (worn)
Scrolls
 f - a scroll of identify
Potions
 b - a potion of curing


   Skills:
 + Level 3.9 Fighting
 + Level 2.6 Axes
 + Level 3.9 Armour
 + Level 0.1 Dodging
 + Level 3.7 Shields


You had 3 spell levels left.
You didn't know any spells.
Your spell library contained the following spells:

 Spells                   Type           Power      Damage    Failure   Level
 Summon Small Mammal      Summ           0%         N/A       100%        1
 Call Imp                 Summ           0%         N/A       100%        2
 Call Canine Familiar     Summ           0%         N/A       100%        3
 Summon Guardian Golem    Hex/Summ       0%         N/A       100%        3
 Summon Ice Beast         Ice/Summ       0%         N/A       100%        4
 Summon Lightning Spire   Summ/Air       0%         N/A       100%        4


Dungeon Overview and Level Annotations

Branches:
Dungeon (3/15)

Altars:


Innate Abilities, Weirdness & Mutations

You are immune to sickness and miasma.
Your stone body is resilient. (AC +3)
You are immune to poison.
You resist negative energy. (rN+)
You are resistant to electric shocks. (rElec)
You are resistant to unholy torment.
You are immune to petrification.


Message History

You drop a potion of attraction.
The gnoll shouts!
A gnoll comes into view. It is wielding a +0 flail.
You block the gnoll's attack.
You feel very mighty all of a sudden.
The gnoll shouts!
The gnoll hits you but does no damage. You block the gnoll's attack.
You slash the gnoll!
The gnoll is heavily wounded.
The gnoll hits you from afar with a +0 halberd. x2
The gnoll hits you with a +0 flail.
You slash the gnoll!
You kill the gnoll!
The gnoll hits you from afar with a +0 halberd.
The gnoll hits you but does no damage. The goblin hits you but does no damage.
The gnoll closely misses you. The gnoll barely misses you.
Your chain mail prevents you from hitting the goblin.
The goblin hits you but does no damage. The gnoll barely misses you. x2
You block the goblin's attack. The gnoll hits you but does no damage.
You closely miss the goblin. The gnoll hits you but does no damage.
You block the gnoll's attack. The goblin completely misses you.
The gnoll barely misses you.
You hit the goblin.
The goblin is severely wounded.
The goblin barely misses you. You block the gnoll's attack.
The gnoll barely misses you. x2; The goblin hits you but does no damage.
The gnoll hits you but does no damage.
You closely miss the goblin.
The goblin is heavily wounded.
You block the goblin's attack. You block the gnoll's attack. x2
You block the goblin's attack. The gnoll hits you but does no damage.
You slash the goblin!
You kill the goblin!
The gnoll hits you from afar with a +0 halberd. x3
* * * LOW HITPOINT WARNING * * *
You slash the gnoll!
The gnoll is severely wounded.
The gnoll hits you from afar with a +0 halberd!
You die...

#.#...##.#.........##.
#.##.###.###........#.
#........# #...#...##.
####.##### ##.........
#.# #####.#### #.# #.#
#.# ### ##'## #!##g..#
##...## #.@gg..#
##.....## ####...#
##.......# .##
#......... ..
+......[..
.##.........
###.......# ##.....##
##...## ##'##


You could see 3 gnolls.

Vanquished Creatures
  2 gnolls
  An adder (D:2)
  A dart slug (D:1)
  5 endoplasms
  2 giant cockroaches
  3 goblins
  5 hobgoblins
  6 kobolds
  3 quokkas (D:1)
  2 ball pythons (D:1)
  5 bats
  A frilled lizard (D:1)
  7 rats
43 creatures vanquished.

Notes
Turn   | Place    | Note
-------+----------+-------------------------------------------
     0 | D:1      | bande the Gargoyle Fighter began the quest for the Orb.
     0 | D:1      | Reached XP level 1. HP: 14/14 MP: 1/1
   386 | D:1      | Reached XP level 2. HP: 17/19 MP: 2/2
   565 | D:1      | Reached XP level 3. HP: 23/23 MP: 3/3
  1523 | D:2      | Reached XP level 4. HP: 29/29 MP: 4/4
  2083 | D:3      | Slain by a gnoll

Illustrated notes

Levels and vault maps discovered:
D:1:      dpeg_arrival_erosion, layout_loops_ring
D:2:      layout_loops_ring, corexii_item_surrounded_by_moat,
          hangedman_decor_lopped, grunt_ministairs_15
D:3:      layout_loops_corners, ebering_ecumenical_altar_mist,
          kennysheep_generic_room_16, uniq_jessica

Skill      XL: |  1  2 |
---------------+-------+-----
Axes           | 2 |  2.6
Fighting       | |  3.9
Armour         | |  3.9
Dodging        | |  0.1
Shields        | |  3.7

Action                   |  1- 3 |  4- 6 || total
-------------------------+-------+-------++-------
Melee: War axe           |    91 |    20 ||   111
  Use: Potion            |     2 |     1 ||     3
       Scroll            |       |     2 ||     2
Armor: Scale mail        |    37 |       ||    37
       Chain mail        |    10 |    16 ||    26
Dodge: Dodged            |    37 |    12 ||    49
Block: Kite shield       |    45 |    12 ||    57

Table legend: (Time is in decaauts)
 A = Elapsed time spent in this place.
 B = Non-inter-level travel time spent in this place.
 C = Inter-level travel time spent in this place.
 D = Time resting spent in this place.
 E = Time spent auto-exploring this place.
 F = Levels seen in this place.
 G = Mean time per level.
                   A        B        C        D        E       F      G
               +--------+--------+--------+--------+--------+-----+--------+
         Total |   2151 |   2151 |      0 |    277 |   1427 |   3 |  717.0 |
       Dungeon |   2151 |   2151 |      0 |    277 |   1427 |   3 |  717.0 |
               +--------+--------+--------+--------+--------+-----+--------+

Top non-repeatable levels by time:
     D:1: 1213 daAuts
     D:2: 770 daAuts
     D:3: 168 daAuts
